 Dungeon Crawl Stone Soup version 0.27.0-1-g7a08968 (webtiles) character file.

Game seed: 1136797506621190198

198 BunyipCatcher the Skirmisher (level 5, -1/44 HPs)
             Began as a Palentonga Fighter on Sept 4, 2021.
             Slain by a frilled lizard (3 damage)
             ... in a sewer on Oct 2, 2021.
             The game lasted 00:40:02 (2773 turns).

BunyipCatcher the Skirmisher (Palentonga Fighter)   Turns: 2773, Time: 00:40:02

Health: -1/44      AC:  9    Str: 20    XL:     5   Next: 47%
Magic:  5/5        EV:  5    Int:  8    God:
Gold:   47         SH:  9    Dex: 10    Spells: 4/4 levels left

rFire    . . .     SeeInvis +   a - +0 war axe
rCold    . . .     Faith    .   c - +0 kite shield
rNeg     . . .     Spirit   .   b - +0 scale mail
rPois    .         Reflect  .   m - +1 helmet
rElec    .         Harm     .   (no cloak)
rCorr    .         Rampage  .   (no gloves)
Will     .....                  (no barding)
Stlth    ..........             (no amulet)
HPRegen  0.14/turn              (no ring)
MPRegen  0.09/turn              (no ring)

@: weak-willed, very slow
A: large, rugged brown scales 3, see invisible, deformed body, roll 1, armoured
tail
a: Rolling Charge


You were in a sewer.
You visited 1 branch of the dungeon, and saw 3 of its levels.
You also visited: Sewer.

You collected 47 gold pieces.

Inventory:

Hand Weapons
 a - a +0 war axe (weapon)
 q - a +0 short sword
Armour
 b - a +0 scale mail (worn)
 c - a +0 kite shield (worn)
 m - a +1 helmet (worn)
Wands
 o - a wand of flame (22)
Scrolls
 f - a scroll of teleportation {unknown}
 h - a scroll of brand weapon {unknown}
 i - a scroll of fog {unknown}
 j - a scroll of holy word {unknown}
 k - 3 scrolls of identify {unknown}
 n - a scroll of enchant armour {unknown}
 p - a scroll of blinking {unknown}
 r - a scroll of enchant weapon {unknown}
Potions
 d - 2 potions of might
 g - 2 potions of invisibility {unknown}
 l - 2 potions of curing {unknown}
 s - a potion of lignification {unknown}
 t - a potion of haste {unknown}
 u - 2 potions of mutation {unknown}


   Skills:
 * Level 4.1 Fighting
 * Level 3.4 Axes
 + Level 3.2 Armour
 + Level 3.2 Shields


You had 4 spell levels left.
You didn't know any spells.
Your spell library contained the following spells:

 Spells                   Type           Power      Damage    Failure   Level
 Blink                    Tloc           N/A        N/A       100%        2
 Manifold Assault         Tloc           0%         N/A       100%        5
 Storm Form               Tmut/Air       0%         N/A       100%        7


Dungeon Overview and Level Annotations

Branches:
Dungeon (3/15)              Sewer (1/1)

Altars:

Annotations:
D:3 3 runed translucent doors, khadrin's ghost, weakling HOFi


Innate Abilities, Weirdness & Mutations

You are completely covered in rugged brown scales. (AC +3, +7% HP)
You have supernaturally acute eyesight. (SInv)
Armour fits poorly on your strangely shaped body.
You can roll at nearby foes to attack.
You have a long armoured tail.


Message History

You block the bullfrog's attack. The frilled lizard barely misses you.
The adder barely misses you. The bullfrog hits you.
The bullfrog hits you but does no damage.
The frilled lizard bites you but does no damage.
You slash the frilled lizard!
You kill the frilled lizard!
You hit the bullfrog. You miss the adder. You slash the bullfrog!
You block the adder's attack.
The bullfrog hits you but does no damage.
The bullfrog barely misses you. You block the adder's attack.
The bullfrog hits you but does no damage.
The bullfrog closely misses you. The adder bites you.
You are poisoned.
The adder poisons you!
Your shield prevents you from hitting the bullfrog.
The bullfrog is moderately wounded.
You barely miss the bullfrog. You hit the adder but do no damage.
You feel sick. The bullfrog hits you.
The bullfrog hits you but does no damage.
The adder bites you but does no damage. You block the bullfrog's attack.
The bullfrog hits you but does no damage.
You block the adder's attack.
You slash the bullfrog!
Your tail-slap misses the bullfrog.
The bullfrog is severely wounded.
You slash the adder!
You kill the adder!
Your shield prevents you from hitting the bullfrog.
You feel sick. The bullfrog hits you.
* * * LOW HITPOINT WARNING * * *
The bullfrog hits you but does no damage.
The bullfrog hits you!
* * * LOW HITPOINT WARNING * * *
You block the bullfrog's attack. The bullfrog closely misses you.
The bullfrog hits you but does no damage.
As you read the scroll labelled ERGHECZ WENA, it crumbles to dust.
Magic quickly surges around you.
It was a scroll of vulnerability.
You feel sick.
You are no longer poisoned.
The frilled lizard bites you.
You die...

#..#... ####... #
##################....
..#≈≈≈≈≈≈≈≈≈≈≈≈≈≈≈......
..≈≈≈≈≈≈≈≈≈≈≈≈≈≈≈≈.....#
..≈#≈≈≈≈≈≈≈≈≈≈≈≈≈≈.....#
...≈≈≈≈J#≈≈≈≈≈≈≈≈≈≈....#
...≈≈≈FlF..≈≈≈≈≈≈≈....##
...≈≈≈≈@≈≈≈≈≈≈≈≈≈≈..###
#####################


You could see 2 bullfrogs, an endoplasm (weak-willed) and a frilled lizard
(weak-willed).

Vanquished Creatures
  5 adders (Sewer)
  3 river rats (Sewer)
  2 worms
  3 dart slugs
  4 bats
  10 endoplasms
  4 giant cockroaches
  7 goblins
  7 hobgoblins
  2 jackals (D:1)
  4 kobolds
  8 quokkas
  18 ball pythons
  8 frilled lizards
  30 rats
115 creatures vanquished.

Notes
Turn   | Place    | Note
-------+----------+-------------------------------------------
     0 | D:1      | BunyipCatcher the Palentonga Fighter began the quest for
                  | the Orb.
     0 | D:1      | Reached XP level 1. HP: 19/19 MP: 1/1
   209 | D:1      | Reached XP level 2. HP: 25/25 MP: 2/2
   734 | D:1      | Reached XP level 3. HP: 27/31 MP: 3/3
   739 | D:1      | Found a faded altar of an unknown god.
  1410 | D:1      | You fall into a shaft and drop 1 floor!
  1798 | D:2      | Reached XP level 4. HP: 37/37 MP: 4/4
  2237 | D:3      | Noticed khadrin's ghost (weakling HOFi)
  2245 | D:3      | Found a runed translucent gate.
  2245 | D:3      | Found a runed translucent gate.
  2247 | D:3      | Found a runed translucent gate.
  2518 | D:3      | Found a glowing drain.
  2528 | Sewer    | Entered a sewer
  2620 | Sewer    | Reached XP level 5. HP: 38/44 MP: 5/5
  2699 | Sewer    | Reached skill level 4 in Fighting
  2773 | Sewer    | HP: 2/44 [poisoned by an adder]
  2773 | Sewer    | Slain by a frilled lizard

Illustrated notes

Levels and vault maps discovered:
D:1:      erik_arrival_blinker_ship, layout_loops_ring,
          hellmonk_ecumenical_altar_crossroads, palyth_stone_intersect,
          minmay_misc_feat_iff, minmay_tall_x
D:2:      layout_rooms, chequers_arboretum, kennysheep_path_1, minmay_liquid_box
D:3:      layout_rooms, gammafunk_ghost_split, gup_sewer_entry_bubbles,
          grunt_ministairs_6, hangedman_feature_mirror
Sewer:    sewer_minmay_w

Skill      XL: |  1  2  3  4  5 |
---------------+----------------+-----
Armour         | 3 |  3.2
Shields        | 3 |  3.2
Axes           | 3 |  3.4
Fighting       | 4 |  4.1

Action                   |  1- 3 |  4- 6 || total
-------------------------+-------+-------++-------
Melee: War axe           |   130 |   115 ||   245
       Tailslap          |     8 |    14 ||    22
 Abil: Rolling Charge    |       |     1 ||     1
  Use: Scroll            |       |     1 ||     1
Armor: Scale mail        |    51 |   103 ||   154
       Ring mail         |    38 |       ||    38
Dodge: Dodged            |    28 |    48 ||    76
Block: Kite shield       |    68 |    78 ||   146
